 Dungeon Crawl Stone Soup version 0.17-a0-1719-g1afd5a1 (webtiles) character file.

275 kosy22 the Skirmisher (level 6, -6/56 HPs)
             Began as a Hill Orc Chaos Knight on Aug 27, 2015.
             Killed from afar by an orc wizard (8 damage)
             ... with a puff of frost
             ... on level 4 of the Dungeon.
             The game lasted 00:10:46 (2337 turns).

kosy22 the Skirmisher (Hill Orc Chaos Knight)       Turns: 2337, Time: 00:10:46

Health: -6/56      AC:  5    Str: 17    XL:     6   Next: 25%
Magic:  6/6        EV: 12    Int: 12    God:    Xom [..*...]
Gold:   32         SH:  0    Dex: 10    Spells: 0 memorised, 5 levels left

rFire  . . .     SeeInvis .     h - +0 scythe
rCold  . . .     Clarity  .     j - +0 robe
rNeg   . . .     SustAt   .     (no shield)
rPois  .         Gourm    .     (no helmet)
rElec  .         Spirit   .     k - +0 cloak
rCorr  .         Warding  .     (no gloves)
rMut   .         Stasis   .     (no boots)
MR     .....                    (no amulet)
Stlth  +.........               (no ring)
                                d - +2 ring of protection

@: not resistant to hostile enchantments, very unstealthy
A: no striking features
a: Renounce Religion, Convert to Beogh


You were on level 4 of the Dungeon.
You worshipped Xom.
You were a toy of Xom.
You were not hungry.

You visited 1 branch of the dungeon, and saw 4 of its levels.

You collected 32 gold pieces.

Inventory:

Hand weapons
 a - a +0 falchion of chaos
 h - a +0 scythe (weapon)
 l - a +0 greatsling
 o - a +0 shortbow
Missiles
 n - 42 arrows
Armour
 b - a +2 leather armour
 j - a +0 robe (worn)
 k - a +0 cloak (worn)
Jewellery
 d - a +2 ring of protection (left hand)
Scrolls
 m - a scroll of fear
Potions
 e - 2 potions of curing {unknown}
 g - a potion of brilliance {unknown}
 i - a potion of agility {unknown}
Comestibles
 c - 2 bread rations
 f - a beef jerky
 p - a meat ration


   Skills:
 + Level 5.2 Fighting
 + Level 4.7 Long Blades
 + Level 1.0 Polearms
 + Level 3.3 Armour
 + Level 2.5 Dodging


You had 5 spell levels left.
You didn't know any spells.

Dungeon Overview and Level Annotations

Branches:
Dungeon (4/15)             Temple (0/1) D:4

Altars:
Ashenzari
Sif Muna

Shops:
D:4 [


Message History

The orc throws a tomahawk.
The tomahawk misses you.
Found a scroll of identify and 12 gold pieces.
A giant cockroach and a skeleton come into view.
The orc priest threatens, "By the altar or by the axe, you will meet Beogh!" (press Y on the ability menu to convert to Beogh)
The orc throws a tomahawk.
The tomahawk closely misses you.
The orc wizard mumbles some strange words.
The orc wizard seems to speed up.
The orc priest mumbles some strange prayers to Beogh against you.
Something smites you!
* * * LOW HITPOINT WARNING * * *
The phantom hits you.
* * * LOW HITPOINT WARNING * * *
The phantom blinks!
You see here a tomahawk.
You see here a tomahawk.
The orc wizard casts a spell at you. The puff of frost hits you!
You die...
Xom laughs nastily!

#.....# #....+ #.....#
....+ s +.....#+##....#
#............#
#............#
#..........$.+ #.
#..........(.#.
#..###'##.....?... .
+.!.......@....... ..
##+##....#...#...+## s
..##..##....#(⌠.# ....
..........###(.s###....
#............W......
#.......⌠..>(.⌠.....
#∩.........o(..o.###
+......###...###..'.
##+##....#.o.#....#.


You could see a phantom, an orc priest, an orc wizard and a giant cockroach.

Vanquished Creatures
  Sigmund (D:2)
  A vampire bat (D:3)
  3 adders (D:2)
  An ooze (D:2)
  2 worms (D:2)
  2 orcs
  2 giant cockroaches (D:2)
  6 hobgoblins
  A ball python (D:2)
  10 bats
  3 giant geckos
  A giant newt (D:3)
  4 goblins
  3 kobolds
  2 rats
42 creatures vanquished.

Notes
Turn   | Place    | Note
--------------------------------------------------------------
     0 | D:1      | kosy22 the Hill Orc Chaos Knight began the quest for the Orb.
     0 | D:1      | Reached XP level 1. HP: 19/19 MP: 1/1
    27 | D:1      | XOM: harmless Trmt miscast
    92 | D:2      | Reached XP level 2. HP: 22/27 MP: 2/2
   173 | D:2      | Reached skill level 4 in Fighting
   305 | D:2      | Reached skill level 1 in Dodging
   311 | D:2      | Reached XP level 3. HP: 24/33 MP: 3/3
   372 | D:2      | Noticed Sigmund
   375 | D:2      | XOM: smoke on damage
   378 | D:2      | XOM: divination: magic mapping
   384 | D:2      | Killed Sigmund
   384 | D:2      | Reached skill level 5 in Fighting
   384 | D:2      | Reached XP level 4. HP: 16/42 MP: 4/4
   384 | D:2      | Reached XP level 5. HP: 18/48 MP: 5/5
   475 | D:2      | XOM: harmless Ice miscast
   487 | D:2      | XOM: divination: magic mapping
   811 | D:2      | XOM: harmless Pois miscast
   856 | D:2      | XOM: god gift: robe {god gift}
   994 | D:2      | XOM: scenery: 1 doors close
  1074 | D:2      | XOM: 1-stop teleportation journey
  1103 | D:2      | XOM: polymorph bat -> ball python
  1347 | D:2      | Found a deep blue altar of Sif Muna.
  1391 | D:2      | XOM: god gift: greatsling {god gift}
  1703 | D:3      | Found a shattered altar of Ashenzari.
  1762 | D:3      | XOM: colour smoke trail
  1804 | D:3      | XOM: harmless Hex miscast
  1807 | D:3      | Reached XP level 6. HP: 46/56 MP: 6/6
  1822 | D:3      | XOM: god gift: scroll of fear
  1908 | D:3      | XOM: harmless Ice miscast
  1923 | D:3      | XOM: noise
  1924 | D:3      | Reached skill level 1 in Polearms
  2269 | D:4      | Found Pacusax's Armour Shoppe.
  2270 | D:4      | XOM: mild Tloc miscast
  2270 | D:4      | Found a staircase to the Ecumenical Temple.
  2278 | D:4      | XOM: silly message
  2290 | D:4      | XOM: harmless Chrm miscast
  2295 | D:4      | XOM: divination: detect creatures
  2334 | D:4      | HP: 2/56 [phantom (3)]
  2337 | D:4      | Killed from afar by an orc wizard

Vault maps used:
D:1:      lightli_arrival_quake
D:2:      lemuel_crystal_altar, first_bread, kennysheep_generic_room_3,
          uniq_sigmund
D:3:      lemuel_doored_altar, roderic_batcave
D:4:      kennysheep_little_box, minmay_temple_entry_junction2, serial_shops,
          shop, grunt_ministairs_5, nemelex_diamond_rough_becter,
          uniq_blork_the_orc

Action                   |  1- 3 |  4- 6 || total
-------------------------+-------+-------++-------
Melee: Falchion          |    46 |       ||    46
       Scythe            |       |   131 ||   131
       Greatsling        |       |    23 ||    23
 Fire: Shortbow          |       |     1 ||     1
  Use: Scroll            |     1 |     1 ||     2
 Stab: Sleeping          |       |     1 ||     1
  Eat: Bread ration      |       |     1 ||     1
       Beef jerky        |       |     1 ||     1
